3A
LOUISIANA DRAGOONS @ COLUMBIA RIVER RATS
07/31/2021
 
TOP OF THE 1ST
Louisiana Dragoons batting - Pitching for Columbia River Rats : RHP Manny Pérez
Pitching: RHP Manny Pérez
Batting: SHB Manuel González 0-0: Swinging Strike
0-1: Foul Ball, location: 2F
0-2: Foul Ball, location: 2F
0-2: Ball
1-2: Ball
2-2: Strikes out looking
Batting: LHB Willie Brown 0-0: Called Strike
0-1: Bunted foul
0-2: Foul Ball, location: 2F
0-2: Ground out 6-3 (Groundball, 6M)
Batting: LHB Javier Antonio 0-0: Foul Ball, location: 2F
0-1: Ground out 4-3 (Groundball, 34)
Top of the 1st over - 0 run(s), 0 hit(s), 0 error(s), 0 left on base; Louisiana 0 - Columbia 0
BOTTOM OF THE 1ST
Columbia River Rats batting - Pitching for Louisiana Dragoons : RHP Nicholas Beyer
Pitching: RHP Nicholas Beyer
Batting: LHB Floyd Long 0-0: Ball
1-0: Called Strike
1-1: Swinging Strike
1-2: Foul Ball, location: 2F
1-2: Strikes out swinging
Batting: RHB Luis Alomar 0-0: Ball
1-0: SINGLE (Groundball, 56)
Batting: RHB Armando Alvarado 0-0: Ball
Luis Alomar steals 2nd base
1-0: Ball
2-0: Foul Ball, location: 2F
2-1: Ground out 6-3 (Groundball, 6M)
Luis Alomar to third
Batting: LHB Robert Adams 0-0: Called Strike
0-1: Called Strike
0-2: Ball
1-2: Ball
2-2: Ball
3-2: DOUBLE (Line Drive, 89M)
Luis Alomar scores
Batting: RHB Jan Gosselin 0-0: Called Strike
0-1: Swinging Strike
0-2: Fly out, F9 (Flyball, 89M)
Bottom of the 1st over - 1 run(s), 2 hit(s), 0 error(s), 1 left on base; Louisiana 0 - Columbia 1
TOP OF THE 2ND
Louisiana Dragoons batting - Pitching for Columbia River Rats : RHP Manny Pérez
Batting: LHB Manny Hernández 0-0: Swinging Strike
0-1: Called Strike
0-2: Strikes out swinging
Batting: LHB Gustavo Vázquez 0-0: Foul Ball, location: 2F
0-1: Swinging Strike
0-2: Ball
1-2: Foul Ball, location: 2F
1-2: Ball
2-2: Ground out 4-3 (Groundball, 4)
Batting: LHB Dinis Marcha 0-0: Called Strike
0-1: Ground out 4-3 (Groundball, 4)
Top of the 2nd over - 0 run(s), 0 hit(s), 0 error(s), 0 left on base; Louisiana 0 - Columbia 1
BOTTOM OF THE 2ND
Columbia River Rats batting - Pitching for Louisiana Dragoons : RHP Nicholas Beyer
Batting: RHB Fernando Silva 0-0: Ground out 2-3 (Groundball, 2R)
Batting: RHB Bryce Bancroft 0-0: Ball
1-0: Ball
2-0: Foul Ball, location: 2F
2-1: Called Strike
2-2: Ground out 6-3 (Groundball, 6M)
Batting: LHB Sean Booth 0-0: Called Strike
0-1: Fly out, F9 (Flyball, 9D)
Bottom of the 2nd over - 0 run(s), 0 hit(s), 0 error(s), 0 left on base; Louisiana 0 - Columbia 1
TOP OF THE 3RD
Louisiana Dragoons batting - Pitching for Columbia River Rats : RHP Manny Pérez
Batting: RHB Sancho Rodríguez 0-0: Ground out 5-3 (Groundball, 56)
Batting: RHB Anthony Crow 0-0: Called Strike
0-1: Foul Ball, location: 2F
0-2: Strikes out swinging
Batting: RHB Wessel Wemerman 0-0: Called Strike
0-1: Swinging Strike
0-2: Ball
1-2: Foul Ball, location: 2F
1-2: Strikes out swinging
Top of the 3rd over - 0 run(s), 0 hit(s), 0 error(s), 0 left on base; Louisiana 0 - Columbia 1
BOTTOM OF THE 3RD
Columbia River Rats batting - Pitching for Louisiana Dragoons : RHP Nicholas Beyer
Batting: RHB Thomas Morris 0-0: Ball
1-0: Ball
2-0: Swinging Strike
2-1: Foul Ball, location: 2F
2-2: Foul Ball, location: 2F
2-2: Foul Ball, location: 2F
2-2: Foul Ball, location: 2F
2-2: Strikes out looking
Batting: LHB Floyd Long 0-0: Called Strike
0-1: Ball
1-1: Ball
2-1: Ball
3-1: Base on Balls
Batting: RHB Luis Alomar 0-0: Ball
1-0: Swinging Strike
1-1: Foul Ball, location: 2F
1-2: Ball
2-2: Foul Ball, location: 2F
2-2: Ball
3-2: Strikes out looking
Batting: RHB Armando Alvarado 0-0: Called Strike
0-1: Ground out 1-3 (Groundball, 15)
Bottom of the 3rd over - 0 run(s), 0 hit(s), 0 error(s), 1 left on base; Louisiana 0 - Columbia 1
TOP OF THE 4TH
Louisiana Dragoons batting - Pitching for Columbia River Rats : RHP Manny Pérez
Batting: SHB Manuel González 0-0: Called Strike
0-1: Called Strike
0-2: Ball
1-2: Hit by Pitch
Batting: LHB Willie Brown 0-0: Ball
Manuel González is caught stealing 2nd base
1-0: Swinging Strike
1-1: Swinging Strike
1-2: Strikes out swinging
Batting: LHB Javier Antonio 0-0: Ground out U3 (Groundball, 3S)
Top of the 4th over - 0 run(s), 0 hit(s), 0 error(s), 0 left on base; Louisiana 0 - Columbia 1
BOTTOM OF THE 4TH
Columbia River Rats batting - Pitching for Louisiana Dragoons : RHP Nicholas Beyer
Batting: LHB Robert Adams 0-0: Swinging Strike
0-1: Called Strike
0-2: Strikes out looking
Batting: RHB Jan Gosselin 0-0: Ball
1-0: Ball
2-0: SINGLE (Groundball, 4)
Batting: RHB Fernando Silva 0-0: Ball
1-0: Called Strike
1-1: Swinging Strike
1-2: Fly out, F3 (Popup, 3F)
Batting: RHB Bryce Bancroft 0-0: Foul Ball, location: 2F
0-1: Called Strike
0-2: Ball
Jan Gosselin steals 2nd base
1-2: Ground out 4-3 (Groundball, 4)
Bottom of the 4th over - 0 run(s), 1 hit(s), 0 error(s), 1 left on base; Louisiana 0 - Columbia 1
TOP OF THE 5TH
Louisiana Dragoons batting - Pitching for Columbia River Rats : RHP Manny Pérez
Batting: LHB Manny Hernández 0-0: Ball
1-0: Ball
2-0: Called Strike
2-1: Called Strike
2-2: SINGLE (Groundball, 6MD)
Batting: LHB Gustavo Vázquez 0-0: Called Strike
0-1: Swinging Strike
0-2: Fielders Choice at 2nd, 4-6 (Groundball, 34)
Batting: LHB Dinis Marcha 0-0: Ball
1-0: Ball
2-0: Foul Ball, location: 2F
2-1: Called Strike
2-2: Ball
3-2: Ground out 2-3 (Groundball, 2L)
Gustavo Vázquez to second
Batting: RHB Sancho Rodríguez 0-0: Foul Ball, location: 2F
0-1: Fly out, F8 (Flyball, 8LM)
Top of the 5th over - 0 run(s), 1 hit(s), 0 error(s), 1 left on base; Louisiana 0 - Columbia 1
BOTTOM OF THE 5TH
Columbia River Rats batting - Pitching for Louisiana Dragoons : RHP Nicholas Beyer
Batting: LHB Sean Booth 0-0: Ball
1-0: Swinging Strike
1-1: Ball
2-1: SINGLE (Line Drive, 78S)
Batting: RHB Thomas Morris 0-0: Called Strike
0-1: Reached on error, E1 (Groundball, 15)
Sean Booth to second
Batting: LHB Floyd Long 0-0: Ball
1-0: Ball
2-0: Bunted foul
2-1: Ball
3-1: Bunted foul
3-2: Strikes out looking
Batting: RHB Luis Alomar 0-0: SINGLE (Line Drive, 6)
Sean Booth to third
Thomas Morris to second
Batting: RHB Armando Alvarado 0-0: Fly out, F9 (Flyball, 9M)
Batting: LHB Robert Adams 0-0: Foul Ball, location: 2F
0-1: SINGLE (Line Drive, 8LS)
Sean Booth scores
Thomas Morris to third
Luis Alomar to second
Runner from 3rd tries for Home, SAFE, no throw or cutoff
Batting: RHB Jan Gosselin 0-0: Ball
1-0: SINGLE (Groundball, 6MD)
Luis Alomar to third
Robert Adams to second
Runner from 3rd tries for Home, SAFE, no throw or cutoff
Batting: RHB Fernando Silva 0-0: SINGLE (Line Drive, 9LS)
Robert Adams to third
Jan Gosselin to second
Runner from 3rd tries for Home, SAFE, no throw or cutoff
Batting: RHB Bryce Bancroft 0-0: Ball
1-0: Fly out, F4 (Popup, 4D)
Bottom of the 5th over - 4 run(s), 5 hit(s), 1 error(s), 2 left on base; Louisiana 0 - Columbia 5
TOP OF THE 6TH
Louisiana Dragoons batting - Pitching for Columbia River Rats : RHP Manny Pérez
Batting: RHB Anthony Crow 0-0: Foul Ball, location: 2F
0-1: Ball
1-1: Foul Ball, location: 2F
1-2: Strikes out swinging
Batting: RHB Wessel Wemerman 0-0: Called Strike
0-1: Called Strike
0-2: Ball
1-2: Strikes out looking
Batting: SHB Manuel González 0-0: Ground out 6-3 (Groundball, 6M)
Top of the 6th over - 0 run(s), 0 hit(s), 0 error(s), 0 left on base; Louisiana 0 - Columbia 5
BOTTOM OF THE 6TH
Columbia River Rats batting - Pitching for Louisiana Dragoons : RHP Nicholas Beyer
Batting: LHB Sean Booth 0-0: Ball
1-0: Called Strike
1-1: Fly out, F8 (Flyball, 8RM)
Batting: RHB Thomas Morris 0-0: Ball
1-0: Swinging Strike
1-1: Swinging Strike
1-2: Strikes out swinging
Batting: LHB Floyd Long 0-0: Fly out, F7 (Flyball, 7LSF)
Bottom of the 6th over - 0 run(s), 0 hit(s), 0 error(s), 0 left on base; Louisiana 0 - Columbia 5
TOP OF THE 7TH
Louisiana Dragoons batting - Pitching for Columbia River Rats : RHP Manny Pérez
Batting: LHB Willie Brown 0-0: Foul Ball, location: 2F
0-1: Foul Ball, location: 2F
0-2: Strikes out looking
Batting: LHB Javier Antonio 0-0: SINGLE (Groundball, 4MD)
Batting: LHB Manny Hernández 0-0: Ball
1-0: Called Strike
1-1: Swinging Strike
1-2: Ball
2-2: Ball
3-2: Fly out, F9 (Flyball, 89D)
Batting: LHB Gustavo Vázquez 0-0: Ball
1-0: Ball
2-0: Ground out 4-3 (Groundball, 34)
Top of the 7th over - 0 run(s), 1 hit(s), 0 error(s), 1 left on base; Louisiana 0 - Columbia 5
BOTTOM OF THE 7TH
Columbia River Rats batting - Pitching for Louisiana Dragoons : RHP Nicholas Beyer
Pitching: RHP Steve Rayla
Batting: RHB Luis Alomar 0-0: Ball
1-0: Called Strike
1-1: Ball
2-1: Swinging Strike
2-2: Ground out 6-3 (Groundball, 6)
Batting: RHB Armando Alvarado 0-0: Ground out 5-3 (Groundball, 5S)
Batting: LHB Robert Adams 0-0: Ball
1-0: Ball
2-0: Called Strike
2-1: Swinging Strike
2-2: Ball
3-2: Base on Balls
Batting: RHB Jan Gosselin 0-0: Called Strike
0-1: Ball
1-1: Called Strike
1-2: Foul Ball, location: 2F
1-2: Foul Ball, location: 2F
1-2: Foul Ball, location: 2F
1-2: Ball
2-2: Ball
3-2: Base on Balls
Robert Adams to second
Batting: RHB Fernando Silva 0-0: Called Strike
0-1: Swinging Strike
0-2: Ball
1-2: Foul Ball, location: 2F
1-2: Strikes out looking
Bottom of the 7th over - 0 run(s), 0 hit(s), 0 error(s), 2 left on base; Louisiana 0 - Columbia 5
TOP OF THE 8TH
Louisiana Dragoons batting - Pitching for Columbia River Rats : RHP Manny Pérez
Batting: LHB Dinis Marcha 0-0: Foul Ball, location: 2F
0-1: Called Strike
0-2: Foul Ball, location: 2F
0-2: Ball
1-2: Foul Ball, location: 2F
1-2: Fly out, F9 (Flyball, 9S)
Batting: RHB Sancho Rodríguez 0-0: Ball
1-0: Fly out, F8 (Flyball, 8LD)
Batting: RHB Anthony Crow 0-0: Ball
1-0: Swinging Strike
1-1: Swinging Strike
1-2: Foul Ball, location: 2F
1-2: Strikes out looking
Top of the 8th over - 0 run(s), 0 hit(s), 0 error(s), 0 left on base; Louisiana 0 - Columbia 5
BOTTOM OF THE 8TH
Columbia River Rats batting - Pitching for Louisiana Dragoons : RHP Steve Rayla
Batting: RHB Bryce Bancroft 0-0: Ball
1-0: Swinging Strike
1-1: Ground out 6-3 (Groundball, 6)
Batting: LHB Sean Booth 0-0: Ball
1-0: Reached on Error, E6 (Popup, 56)
Batting: RHB Thomas Morris 0-0: 2-RUN HOME RUN (Flyball, 8RXD), Distance : 435 ft
Batting: LHB Floyd Long 0-0: Called Strike
0-1: Swinging Strike
0-2: Ball
1-2: Foul Ball, location: 2F
1-2: Strikes out looking
Batting: RHB Luis Alomar 0-0: Ball
1-0: DOUBLE (Line Drive, 7LS)
Batting: RHB Armando Alvarado 0-0: Called Strike
0-1: Ball
1-1: Ball
2-1: Ball
3-1: Foul Ball, location: 2F
3-2: SINGLE (Line Drive, 7S)
Luis Alomar to third
Luis Alomar scores
Batting: LHB Robert Adams 0-0: Ball
Armando Alvarado steals 2nd base
1-0: Ball
2-0: Called Strike
2-1: Swinging Strike
2-2: Strikes out swinging
Bottom of the 8th over - 3 run(s), 3 hit(s), 1 error(s), 1 left on base; Louisiana 0 - Columbia 8
TOP OF THE 9TH
Louisiana Dragoons batting - Pitching for Columbia River Rats : RHP Manny Pérez
Batting: RHB Wessel Wemerman 0-0: SINGLE (Groundball, 13) (infield hit)
Batting: SHB Manuel González 0-0: Called Strike
0-1: Swinging Strike
0-2: Strikes out swinging
Batting: LHB Willie Brown 0-0: Ball
1-0: Called Strike
1-1: Fly out, F8 (Flyball, 8LM)
Batting: LHB Javier Antonio 0-0: Ball
1-0: SINGLE (Groundball, 4MD)
Wessel Wemerman to second
Runner from 2nd tries for 3rd, OUT!
Top of the 9th over - 0 run(s), 2 hit(s), 0 error(s), 1 left on base; Louisiana 0 - Columbia 8
This league is powered by Out of the Park Baseball, the baseball management simulation game for PC, Mac and Linux
Friday, January 22nd, 2016 - OOTP Baseball 16.9 Build 39